 Dungeon Crawl Stone Soup version 0.22-a0-407-gb098539 (webtiles) character file.

14 Gorglomux the Grave Robber (level 2, 0/16 HPs)
             Began as a Kobold Necromancer on May 9, 2018.
             Slain by a hobgoblin
             ... wielding a +0 club
              (3 damage)
             ... on level 2 of the Dungeon.
             The game lasted 00:01:17 (669 turns).

Gorglomux the Grave Robber (Kobold Necromancer)      Turns: 669, Time: 00:01:17

Health: 0/16       AC:  2    Str:  5    XL:     2   Next: 60%
Magic:  1/5        EV: 15    Int: 16    God:
Gold:   20         SH:  0    Dex: 15    Spells: 3/5 levels left

rFire    . . .     SeeInvis .   d - +0 short sword
rCold    . . .     Gourm    .   (shield restricted)
rNeg     . . .     Faith    .   a - +0 robe
rPois    .         Spirit   .   (no helmet)
rElec    .         Reflect  .   (no cloak)
rCorr    .         Harm     .   (no gloves)
MR       .....                  (no boots)
Stlth    ++........             (no amulet)
HPRegen  0.05/turn              (no ring)
MPRegen  0.09/turn              (no ring)

@: no status effects
A: small, carnivore
a: no special abilities


You were on level 2 of the Dungeon.
You were very full.

You visited 1 branch of the dungeon, and saw 2 of its levels.

You collected 20 gold pieces.

Inventory:

Hand Weapons
 d - a +0 short sword (weapon)
Armour
 a - a +0 robe (worn)
Scrolls
 f - a scroll of immolation {unknown}
 g - 2 scrolls of teleportation {unknown}
 h - a scroll of remove curse {unknown}
Comestibles
 c - 3 rations


   Skills:
 + Level 1.1 Fighting
 + Level 2.9 Dodging
 + Level 3.3 Stealth
 - Level 2.1 Spellcasting
 - Level 4.0 Necromancy


You had 3 spell levels left.
You knew the following spells:

 Your Spells              Type           Power        Failure   Level  Hunger
a - Pain                  Necr           ##..         4%          1    #......
b - Animate Skeleton      Necr           N/A          4%          1    #......


Dungeon Overview and Level Annotations

Branches:
Dungeon (1/15)

Altars:


Innate Abilities, Weirdness & Mutations

You are small and have problems with some larger weapons.
You are carnivorous and can eat meat at any time.


Message History

The gnoll shouts!!!
The adder misses you! The adder bites you!
Throwing (i - inventory)
Z - 2 throwing nets (quivered)
Press: ? - help, Shift-Dir - straight line, f/p - adder
Aim: an adder (heavily wounded)
You throw a throwing net!
The throwing net closely misses the adder!
The adder misses you!
Throwing (i - butt)
Z - a throwing net (quivered)
Press: ? - help, Shift-Dir - straight line, f/p - adder
Aim: an adder (heavily wounded)
You throw a throwing net!
The throwing net closely misses the adder!
The adder butts you! The gnoll misses you! The butt barely misses you!
The gnoll closely misses you! The adder barely misses you!
The adder bites you! * * * butt't die
* * * The gnoll hits you but does no damage!
The hobgoblin hits you with a club! rip

.[. #.. ...# ..###.# #..# #
......# #.)# ###.##.#.#.#
#..# ########
.......#.#.####..###......##
....g..#.#..(..........##...
#........gg.................
.......###S####..#####.#####
#.......ggg@.....# #......
.......#########.# #######
#...... #.# ######. ..# ##
###


You could see 4 gnolls, an adder and a hobgoblin.

Vanquished Creatures
  3 goblins
  4 hobgoblins (D:1)
  2 kobolds (D:1)
  A bat (D:2)
  3 frilled lizards
  A rat (D:1)
14 creatures vanquished.

Notes
Turn   | Place    | Note
-------+----------+-------------------------------------------
     0 | D:1      | Gorglomux the Kobold Necromancer began the quest for the Orb.
     0 | D:1      | Reached XP level 1. HP: 10/10 MP: 3/3
   170 | D:1      | Reached skill level 3 in Stealth
   200 | D:1      | Reached XP level 2. HP: 8/16 MP: 1/5
   347 | D:1      | Learned a level 1 spell: Animate Skeleton
   483 | D:1      | Reached skill level 1 in Fighting
   593 | D:1      | You fall through a shaft!
   669 | D:2      | Slain by a hobgoblin

Vault maps used:
D:1:      lightli_molten_gateway, st_stairs_1
D:2:      lemuel_crystal_altar, first_ration, st_stairs_6

Skill      XL: |  1  2 |
---------------+-------+-----
Stealth        | 3 |  3.3
Fighting       | 1 |  1.1
Dodging        | |  2.9
Spellcasting   | |  2.1
Necromancy     | |  4.0

Action                   || total
-------------------------++-------
Melee: Short sword       ||    18
       Unarmed           ||     4
Throw: Throwing net      ||     2
 Cast: Pain              ||    20
       Animate Skeleton  ||     3
  Use: Potion            ||     1
 Stab: Sleeping          ||     2
  Eat: Chunk             ||     7
Armor: Robe              ||     3
Dodge: Dodged            ||    28

Table legend:
 A = Spawn XP
 B = Non-spawn XP
 C = Spawn XP percentage of total XP
 D = Spawn monster count
 E = Non-spawn monster count
 F = Spawn count percentage of total count
 G = Total turns spent on level
                    A         B        C        D         E        F      G
               +---------+---------+-------+---------+---------+-------+---------
         Total |       0 |      21 |   0.0 |       0 |      14 |   0.0 |   669
               +---------+---------+-------+---------+---------+-------+---------
           D:1 |       0 |      17 |   0.0 |       0 |      11 |   0.0 |   593
           D:2 |       0 |       4 |   0.0 |       0 |       3 |   0.0 |    76
               +---------+---------+-------+---------+---------+-------+---------
